 Dungeon Crawl Stone Soup version 0.30-a0-748-ge6a52f7cba (webtiles) character file.

Game seed: 8604763259151407610

624 sircluck the Skirmisher (level 7, -4/36 HPs)
             Began as a Spriggan Hunter on Feb 8, 2023.
             Slain by a yak (16 damage)
             ... on level 5 of the Dungeon.
             The game lasted 00:10:00 (4345 turns).

sircluck the Skirmisher (Spriggan Hunter)           Turns: 4345, Time: 00:10:00

Health: -4/36      AC:  2    Str:  7    XL:     7   Next: 22%
Magic:  8/8        EV: 18    Int: 10    God:
Gold:   75         SH:  0    Dex: 21    Spells: 6/6 levels left

rFire   . . .      SeeInvis +    a - +0 shortbow
rCold   . . .      Faith    .    (shield currently unavailable)
rNeg    . . .      Spirit   .    c - +0 robe
rPois   .          Reflect  .    (helmet restricted)
rElec   .          Harm     .    (no cloak)
rCorr   .          Rampage  .    (gloves unavailable)
Will    +....                    (boots unavailable)
Stlth   ++                       (no amulet)
HPRegen 0.26/turn                (no ring)
MPRegen 0.11/turn                (no ring)

@: very quick
A: very small, no large weapons, unfitting armour, see invisible, speed 3
a: no special abilities


You were on level 5 of the Dungeon.
You visited 1 branch of the dungeon, and saw 5 of its levels.

You collected 215 gold pieces.
You spent 140 gold pieces at shops.

Inventory:

Hand Weapons
 a - a +0 shortbow (weapon)
 f - a +1 dagger of draining
Missiles
 o - 6 poisoned darts
Armour
 c - a +0 robe (worn)
Scrolls
 b - 2 scrolls of immolation
 d - a scroll of silence
 e - 4 scrolls of identify
 h - a scroll of fog
 k - a scroll of vulnerability {unknown}
 n - 2 scrolls of teleportation
Potions
 g - 4 potions of curing
 i - a potion of lignification {unknown}
 j - a potion of heal wounds
 l - a potion of attraction {unknown}


   Skills:
 + Level 3.0 Fighting
 + Level 8.1 Ranged Weapons
 + Level 3.1 Dodging
 + Level 2.3 Stealth


You had 6 spell levels left.
You didn't know any spells.
Your spell library contained the following spells:

 Spells                   Type           Power      Damage    Failure   Level
 Summon Small Mammal      Summ           0%         N/A       36%         1
 Call Canine Familiar     Summ           0%         N/A       75%         3
 Summon Guardian Golem    Hex/Summ       0%         N/A       75%         3


Dungeon Overview and Level Annotations

Branches:
Dungeon (5/15)
 Temple: D:4-7

Altars:
Hepliaklqana
Makhleb
Nemelex Xobeh
Zin

Shops:
D:3 [   D:4 ?   D:5 :


Innate Abilities, Weirdness & Mutations

You are very small and have problems with some larger weapons.
You are too small for most types of armour.
You have supernaturally acute eyesight. (SInv)
You cover ground extremely quickly. (Speed+++)


Message History

Found a curved jewelled staff.
Found a silvery potion.
You see here a staff of conjuration.
You see here a silvery potion.
l - a silvery potion No target in view!
No target in view!
You shoot an arrow. The arrow hits the ogre.
The ogre is heavily wounded.
You shoot an arrow. The arrow hits the ogre!
You kill the ogre!
Your Fighting skill increases to level 3!
Your Ranged Weapons skill increases to level 8!
You shoot an arrow. The arrow hits the yak.
The yak is moderately wounded.
You shoot an arrow. The arrow barely misses the yak.
You shoot an arrow. The arrow closely misses the yak.
You shoot an arrow.
The arrow hits the yak but does no damage.
The yak is moderately wounded.
The yak completely misses you.
You shoot an arrow. The arrow hits the yak.
The yak is moderately wounded.
The yak misses you.
You shoot an arrow. The arrow hits the yak!
The yak is heavily wounded.
The yak gores you! The yak misses you.
You shoot an arrow. The arrow barely misses the yak.
The yak misses you. The yak gores you. The yak barely misses you.
You shoot an arrow.
The arrow hits the yak but does no damage.
The yak is heavily wounded.
The yak completely misses you.
You shoot an arrow. The arrow barely misses the yak.
The yak gores you!
You are too injured to fight recklessly!
You open the door. The yak misses you.
There is an open door here.
You open the door. The yak closely misses you. The yak gores you!
You die...

####################
#..#..........O....Y
#..#......)...Y..Y|.
#..#................
#..#................
###'#................
#...Y##+#######+#####
#..Y@'..# #..Y.#..#
#....# .# ###### #


You could see 3 yaks.

Vanquished Creatures
  A yak (D:5)
  Edmund (D:4)
  An ogre (D:5)
  A hound (D:5)
  3 iron imps (D:3)
  An iguana (D:5)
  4 adders
  2 worms
  6 orcs
  11 endoplasms
  6 giant cockroaches
  4 goblins
  11 hobgoblins
  8 jackals
  4 kobolds
  3 quokkas
  10 ball pythons
  6 bats
  2 frilled lizards (D:3)
  9 rats
94 creatures vanquished.

Vanquished Creatures (others)
  A plant (D:2)
1 creature vanquished.

Grand Total: 95 creatures vanquished

Notes
Turn   | Place    | Note
-------+----------+-------------------------------------------
     0 | D:1      | sircluck the Spriggan Hunter began the quest for the Orb.
     0 | D:1      | Reached XP level 1. HP: 10/10 MP: 2/2
    81 | D:1      | Reached XP level 2. HP: 15/15 MP: 3/3
   365 | D:1      | Reached XP level 3. HP: 18/18 MP: 4/4
   701 | D:2      | Reached skill level 5 in Ranged Weapons
   866 | D:2      | Found a faded altar of an unknown god.
  1117 | D:2      | Reached XP level 4. HP: 23/23 MP: 5/5
  1738 | D:3      | Found Lefubiat's Armour Shoppe.
  1860 | D:3      | Found a glowing silver altar of Zin.
  1861 | D:3      | Found Zin's Purification Station.
  1875 | D:3      | Bought a potion of curing for 90 gold pieces
  2023 | D:3      | Found a burning altar of Makhleb.
  2035 | D:3      | Reached XP level 5. HP: 26/26 MP: 6/6
  2047 | D:3      | Reached skill level 6 in Ranged Weapons
  3061 | D:4      | Found Zaakostre's Magic Scroll Emporium.
  3070 | D:4      | Bought a scroll of teleportation for 30 gold pieces
  3070 | D:4      | Bought a scroll of identify for 20 gold pieces
  3138 | D:4      | Noticed Edmund
  3252 | D:4      | Killed Edmund
  3253 | D:4      | Reached skill level 7 in Ranged Weapons
  3253 | D:4      | Reached XP level 6. HP: 29/32 MP: 7/7
  3312 | D:4      | Found a hazy altar of Hepliaklqana.
  3832 | D:5      | Entered Level 5 of the Dungeon
  4067 | D:5      | Found Owkoux's Book Boutique.
  4102 | D:5      | Found a sparkling altar of Nemelex Xobeh.
  4147 | D:5      | Noticed a yak
  4147 | D:5      | Noticed a yak
  4148 | D:5      | Noticed a yak
  4151 | D:5      | Noticed a yak
  4279 | D:5      | Killed a yak
  4280 | D:5      | Reached XP level 7. HP: 35/35 MP: 8/8
  4328 | D:5      | Reached skill level 8 in Ranged Weapons
  4345 | D:5      | Slain by a yak

Illustrated notes

Levels and vault maps discovered:
D:1:      dpeg_arrival_oval, layout_rooms, chequers_serial_rivers_micro_b,
          minmay_cut_off
D:2:      minmay_chambers_of_ones, layout_basic,
          shapermc_ecumenical_altar_acropolis, chequers_serial_rivers_room_b
D:3:      layout_basic, demons_altar, zin_purify, serial_shops,
          nicolae_shop_crystal, minivault_11
D:4:      layout_layer_cave, worldfamousw_hep_ancestral_shrine, serial_shops,
          nicolae_lakefront_shop, uniq_edmund
D:5:      layout_gridville, mainiacjoe_overflow_catwalk,
          nicolae_gozag_cash_rules_everything_around_me,
          lemuel_temple_firewalk_a, serial_shops, nicolae_shop_statue_plus

Skill      XL: |  1  2  3  4  5  6  7 |
---------------+----------------------+-----
Fighting       | 2 3 |  3.0
Ranged Weapons | 5 7 8 |  8.1
Stealth        | 2 |  2.3
Dodging        | 3 |  3.1

Action                     |  1- 3 |  4- 6 |  7- 9 || total
---------------------------+-------+-------+-------++-------
   Fire: Shortbow          |   112 |   183 |    17 ||   312
    Use: Scroll            |       |     7 |       ||     7
 Armour: Robe              |     1 |     3 |     1 ||     5
  Dodge: Dodged            |    53 |    35 |    10 ||    98

Table legend: (Time is in decaauts)
 A = Elapsed time spent in this place.
 B = Non-inter-level travel time spent in this place.
 C = Inter-level travel time spent in this place.
 D = Time resting spent in this place.
 E = Time spent auto-exploring this place.
 F = Levels seen in this place.
 G = Mean time per level.
                   A        B        C        D        E       F      G
               +--------+--------+--------+--------+--------+-----+--------+
         Total |   2923 |   2512 |    411 |      0 |   1774 |   5 |  584.6 |
       Dungeon |   2923 |   2512 |    411 |      0 |   1774 |   5 |  584.6 |
               +--------+--------+--------+--------+--------+-----+--------+

Top non-repeatable levels by time:
     D:3: 780 daAuts
     D:4: 769 daAuts
     D:2: 594 daAuts
     D:1: 490 daAuts
     D:5: 288 daAuts
